 Dungeon Crawl Stone Soup version 0.29.1-2-gbd0b4ee654 (webtiles) character file.

Game seed: 9593616668166754300

181 NogeeEf the Magician (level 5, -10/40 HPs)
             Began as a Djinni Necromancer on Nov 30, 2022.
             Mangled by an ogre
             ... wielding a +0 giant spiked club
              (12 damage)
             ... on level 4 of the Dungeon.
             The game lasted 00:14:06 (4529 turns).

NogeeEf the Magician (Djinni Necromancer)           Turns: 4529, Time: 00:14:06

Health: -10/40     AC:  6    Str:  9    XL:     5   Next: 92%
Gold:   234        EV: 10    Int: 16    God:
                   SH:  5    Dex: 14

rFire   + + .      SeeInvis .   u - +1 dagger (vamp)
rCold   x . .      Faith    .   (no shield)
rNeg    + . .      Spirit   .   v - +0 ring mail
rPois   ∞          Reflect  +   (no helmet)
rElec   .          Harm     .   (no cloak)
rCorr   .          Rampage  .   l - +0 pair of gloves
Will    .....                   (boots unavailable)
Stlth   +.........              k - amulet of reflection
HPRegen 0.13/turn               p - ring of positive energy
MPRegen 0.00/turn               (no ring)

@: flying, very slightly contaminated
A: sickness immunity, fire resistance 2, cold vulnerability 1, float, innate
caster, HP casting, extra vitality 1
a: no special abilities


You were on level 4 of the Dungeon.
You visited 1 branch of the dungeon, and saw 5 of its levels.

You collected 234 gold pieces.

Inventory:

Hand Weapons
 b - a +0 spear
 c - a +0 club
 g - a +0 whip
 u - a +1 vampiric dagger (weapon)
Armour
 a - a +0 robe
 l - a +0 pair of gloves (worn)
 m - a +0 pair of boots
 v - a +0 ring mail (worn)
 x - a +0 chain mail
 B - a +0 scale mail
Jewellery
 d - a ring of magical power
 k - an amulet of reflection (around neck)
 p - a ring of positive energy (left hand)
Wands
 y - a wand of roots (8)
Scrolls
 f - a scroll of noise {unknown}
 i - 6 scrolls of identify {unknown}
 o - a scroll of enchant armour {unknown}
 q - 2 scrolls of teleportation {unknown}
 C - a scroll of poison {unknown}
 E - a scroll of fog {unknown}
 F - a scroll of amnesia {unknown}
Potions
 e - 3 potions of haste {unknown}
 h - a potion of mutation {unknown}
 j - a potion of brilliance {unknown}
 n - a potion of cancellation {unknown}
 r - 3 potions of flight {unknown}
 s - 2 potions of curing {unknown}
 t - a potion of degeneration {unknown}
 w - 3 potions of heal wounds {unknown}
 z - a potion of lignification {unknown}
 A - a potion of attraction {unknown}
 D - a potion of might {unknown}
 G - a potion of berserk rage {unknown}


   Skills:
 * Level 2.8 Fighting
 - Level 0.1 Short Blades
 - Level 1.0 Polearms
 - Level 2.1 Dodging
 - Level 1.5 Stealth
 - Level 0.1 Shields
 * Level 4.4 Spellcasting


You couldn't memorise any spells.
You knew the following spells:

 Your Spells              Type           Power      Damage    Failure   Level
a - Necrotise             Necr           68%        1d7       8%          1
b - Vampiric Draining     Necr           17%        2d7       22%         3
c - Animate Dead          Necr           17%        N/A       58%         4
d - Agony                 Necr           17%        N/A       90%         5
e - Slow                  Hex            68%        N/A       8%          1
f - Searing Ray           Conj           34%        2d5       11%         2
Your spell library was empty.

Dungeon Overview and Level Annotations

Branches:
Dungeon (5/15)
 Temple: D:4-7

Altars:
Fedhas
Yredelemnul
Zin
The Shining One


Innate Abilities, Weirdness & Mutations

You are immune to sickness and miasma.
You are immune to poison.
Your flesh is very heat resistant. (rF++)
You are vulnerable to cold. (rC-)
You float through the air rather than walking.
You learn spells naturally, not from books.
Your magical power is your life essence.
You have superior vitality. (+4 MHP)


Message History

You fly upwards.
There is a stone staircase leading down here.
Aiming: Fastroot
Press: ? - help, Shift-Dir - straight line, f - ogre
Aim: an ogre, wielding a +0 giant spiked club The roots erupt in riotous growth!
Roots grab the ogre.
The grasping roots constrict the ogre.
The grasping roots constrict the ogre.
The roots release their grip on the ogre.
The ogre hits you but does no damage.
Things that are here:
a curare-tipped dart; a +0 club You see here a +0 glaive.
The ogre hits you with a +0 giant spiked club!!
Ouch! That really hurt!
* * * LOW HITPOINT WARNING * * *
You see here a +0 mace.
The ogre attacks as you move away! You block the ogre's attack.
The ogre attacks as you move away! The ogre barely misses you.
Casting: Searing Ray (safe; 11% risk of failure)
Confirm with . or Enter, or press ? or * to list all spells.
Aiming: Searing Ray (safe; 11% risk of failure)
Press: ? - help, Shift-Dir - straight line, f/p - ogre
Aim: an ogre, wielding a +0 giant spiked club (moderately wounded, 89% to hit)
The searing ray hits the ogre.
The ogre is heavily wounded. (Press . to maintain the ray.)
* * * LOW HITPOINT WARNING * * *
Casting: Searing Ray (safe; 11% risk of failure)
Confirm with . or Enter, or press ? or * to list all spells.
Aiming: Slow (safe; 8% risk of failure)
Press: ? - help, Shift-Dir - straight line, f/p - ogre
Aim: an ogre, wielding a +0 giant spiked club (heavily wounded, chance to affect: 56%)
You miscast Slow.
You are very lightly contaminated with residual magic.
Nothing appears to happen.
* * * LOW HITPOINT WARNING * * *
The ogre hits you with a +0 giant spiked club!
You die...

#....###...# ###
#..........# ##.#
#.....#....# ...###
#....##....# .#...#
#....##....###### .###.#
#...............## ## #.#
#................##
####.#
##............[...#
.....###
#....@...........#
####...#
#....O...........# #
##..# ##.........)......#
#
#..####.................#
#
#.......................#
#
#.####.................##
#
#.####.........#.<....##
###
#......####..###..#####
..###..##..#####).)#..#


You could see an ogre.

Vanquished Creatures
  A kobold brigand (D:4)
  A hound (D:4)
  2 adders
  2 worms
  A dart slug (D:2)
  An orc (D:3)
  3 bats
  9 endoplasms
  2 giant cockroaches
  5 goblins
  3 hobgoblins
  5 quokkas
  4 ball pythons
  3 frilled lizards (D:3)
  6 kobolds
  5 rats
53 creatures vanquished.

Vanquished Creatures (collateral kills)
  A dart slug (D:3)
1 creature vanquished.

Vanquished Creatures (others)
  2 kobolds (D:5)
2 creatures vanquished.

Grand Total: 56 creatures vanquished

Notes
Turn   | Place    | Note
-------+----------+-------------------------------------------
     0 | D:1      | NogeeEf the Djinni Necromancer began the quest for the Orb.
     0 | D:1      | NogeeEf set off with the following spells memorised:
                  | Necrotise, Vampiric Draining, Animate Dead, Agony.
     0 | D:1      | Reached XP level 1. HP: 15/15 MP: 0/0
   211 | D:1      | Reached XP level 2. HP: 20/21 MP: 0/0
   798 | D:1      | Found a faded altar of an unknown god.
   999 | D:2      | Reached skill level 1 in Fighting
  1015 | D:2      | Reached XP level 3. HP: 27/27 MP: 0/0
  1015 | D:2      | Learned a level 1 spell: Slow
  1053 | D:2      | HP: 1/27 [worm (9)]
  2833 | D:3      | Reached XP level 4. HP: 28/32 MP: 0/0
  2993 | D:3      | Reached skill level 1 in Polearms
  3409 | D:4      | Reached skill level 4 in Spellcasting
  3938 | D:5      | Entered Level 5 of the Dungeon
  3947 | D:5      | Found a glowing golden altar of the Shining One.
  3952 | D:5      | Noticed a kobold brigand
  3994 | D:4      | Killed a kobold brigand
  3995 | D:4      | Reached XP level 5. HP: 7/39 MP: 0/0
  3995 | D:4      | Learned a level 2 spell: Searing Ray
  4273 | D:5      | Found a blossoming altar of Fedhas.
  4321 | D:5      | Found a glowing silver altar of Zin.
  4321 | D:5      | Found a basalt altar of Yredelemnul.
  4324 | D:5      | Noticed an ogre
  4529 | D:4      | Mangled by an ogre

Illustrated notes

Levels and vault maps discovered:
D:1:      nzn_arrival_water_spiral, layout_basic,
          shapermc_ecumenical_altar_notcrosses, amcnicky_mini_corridor_feature
D:2:      layout_basic
D:3:      layout_basic
D:4:      layout_rooms
D:5:      layout_basic, kennysheep_mini, grunt_temple_overflow_open,
          minmay_temple_entry_slanted

Skill      XL: |  1  2  3  4 |
---------------+-------------+-----
Fighting       | 1 2 |  2.8
Polearms       | 1 |  1.0
Spellcasting   | 4 |  4.4
Short Blades   | |  0.1
Dodging        | |  2.1
Stealth        | |  1.5
Shields        | |  0.1

Action                   |  1- 3 |  4- 6 || total
-------------------------+-------+-------++-------
Melee: Spear             |   101 |       ||   101
       Dagger            |    24 |   107 ||   131
       Punch             |       |     1 ||     1
 Cast: Necrotise         |    22 |     7 ||    29
       Searing Ray       |       |     1 ||     1
Evoke: Wand              |       |     2 ||     2
 Stab: Sleeping          |     6 |       ||     6
Armor: Robe              |    19 |       ||    19
       Ring mail         |     5 |    37 ||    42
Dodge: Dodged            |    72 |    58 ||   130
Block: Other             |    18 |    21 ||    39
       Reflection        |     1 |     3 ||     4
